 Dungeon Crawl Stone Soup version 0.31.0-32-g396128a36d (webtiles) character file.

Game seed: 6336052530756029192

351 Ijustatesigmund the Trooper (level 6, -5/63 HPs)
             Began as an Oni Conjurer on Mar 8, 2024.
             Killed by divine providence
             ... invoked by an orc priest
              (15 damage)
             ... on level 4 of the Dungeon.
             The game lasted 00:06:21 (2979 turns).

Ijustatesigmund the Trooper (Oni Conjurer)          Turns: 2979, Time: 00:06:22

Health: -5/63      AC:  3    Str: 18    XL:     6   Next: 61%
Magic:  13/13      EV:  9    Int: 21    God:
Gold:   169        SH:  0    Dex:  7    Spells: 7/14 levels left

rFire   . . .        w - +0 giant spiked club
rCold   . . .        (shield currently unavailable)
rNeg    + . .        a - +0 robe
rPois   .            (helmet restricted)
rElec   .            (no cloak)
rCorr   .            (gloves unavailable)
SInv    .            (boots unavailable)
Will    .....        (no amulet)
Stlth   +            d - +6 ring of strength
HPRegen 0.30/turn    s - ring of positive energy
MPRegen 0.13/turn

%: no passive effects
@: lethally poisoned (-5 -> -11), hasted, very quick
A: large, unfitting armour, horns 1, tough skin 1, double potion healing,
drunken brawling
a: no special abilities


You were on level 4 of the Dungeon.
You visited 1 branch of the dungeon, and saw 4 of its levels.

You collected 169 gold pieces.

Inventory:

Hand Weapons
 l - a +2 hand axe of flaming
 w - a +0 giant spiked club (weapon)
Armour
 a - a +0 robe (worn)
Jewellery
 d - a +6 ring of strength (left hand)
 q - a ring of fire
 s - a ring of positive energy (right hand)
Wands
 i - a wand of charming (10)
Scrolls
 c - a scroll of vulnerability {unknown}
 f - a scroll of teleportation {unknown}
 g - a scroll of enchant armour {unknown}
 j - a scroll of blinking {unknown}
 k - a scroll of noise {unknown}
 m - a scroll of amnesia {unknown}
 n - a scroll of fog {unknown}
 t - a scroll of silence {unknown}
 u - a scroll of fear {unknown}
 v - a scroll of butterflies {unknown}
Potions
 b - a potion of magic
 p - a potion of attraction
 r - a potion of ambrosia {unknown}


   Skills:
 - Level 4.7 Fighting
 + Level 0.0 Maces & Flails
 - Level 1.7 Dodging
 - Level 1.4 Stealth
 - Level 4.7 Spellcasting
 - Level 4.1 Conjurations
 - Level 2.4 Translocations


You had 7 spell levels left.
You knew the following spells:

 Your Spells              Type           Power      Damage    Failure   Level
a - Magic Dart            Conj           88%        1d7       1%          1
b - Searing Ray           Conj           44%        2d6       3%          2
c - Iskenderun's Mystic   Conj/Tloc      18%        2d6       28%         4

Your spell library contained the following spells:

 Spells                   Type           Power      Damage    Failure   Level
 Fulminant Prism          Conj/Alch      6%         3d7       43%         4


Dungeon Overview and Level Annotations

Branches:
Dungeon (4/15)
 Temple: D:4-7

Altars:


Innate Abilities, Weirdness & Mutations

You are too large for most types of armour.
You have a pair of small horns on your head.
You have tough skin. (AC +1)
You gain doubled healing and magic from potions.
Whenever you drink a healing potion, you attack all around you.


Message History

The orc warrior hits you with a +0 battleaxe.
The orc warrior hits you with a +0 battleaxe!
You take a swig of the potion and twirl your +0 giant spiked club.
You closely miss the orc wizard. You barely miss the orc warrior.
Your headbutt misses the orc warrior.
The orc warrior is lightly wounded.
You savour every drop.
You feel much better.
The orc wizard points at you and mumbles some strange words.
The puff of flame hits you!
The orc warrior hits you with a +0 battleaxe.
You hit the orc warrior. You headbutt the orc warrior.
The orc warrior is heavily wounded.
The orc wizard hits you with a +0 dagger.
The orc warrior barely misses you.
The orc wizard points at you and mumbles some strange words.
You resist with some effort. The orc warrior closely misses you.
You completely miss the orc warrior.
The orc warrior is heavily wounded.
The orc wizard gestures at you while chanting.
The puff of flame hits you! The orc warrior barely misses you.
The orc wizard gestures at you while chanting.
The puff of flame hits you.
The orc warrior hits you with a +0 battleaxe!
You closely miss the orc warrior.
The orc warrior is heavily wounded.
The orc priest closely misses you.
The orc wizard casts a spell.
The orc wizard flickers and vanishes!
Deactivating autopickup; reactivate with Ctrl-A.
The orc warrior hits you with a +0 battleaxe!
The orc priest hits you with a +1 falchion of venom.
* * * LOW HITPOINT WARNING * * *
You are poisoned.
Something hits you but does no damage.
The orc warrior hits you with a +0 battleaxe.
* * * LOW HITPOINT WARNING * * *
It was a potion of haste.
You feel yourself speed up.
You feel sick.
The orc priest mumbles some strange prayers to Beogh against you.
Beogh smites you!
You die...

##..#.........
#......##..†..........
#.......).............
......###............
#.....###............
##......##.####.......
#.....w.##.##.#.......
#...o.#.##...........#
#...o@#.....o.........
#.#.#.{##...........o...
.......o.g.##....#....oo.
.##.........#....#.......
#..##.###.oo..o#o#..#..
.... #####.o..#...##?###
...# #.......##...##..#
### #....##.....#.#.....
##....?.....#.g.....


You could see an orc warrior, a ribbon worm, an orc priest and an orc.

Vanquished Creatures
  A water moccasin (D:3)
  An ogre (D:4)
  An orc priest (D:3)
  6 adders
  2 dart slugs
  7 orcs
  6 endoplasms
  A giant cockroach (D:3)
  4 hobgoblins
  6 jackals
  4 quokkas
  17 ball pythons
  3 bats
  8 frilled lizards
  A goblin (D:3)
  9 kobolds
  3 rats
80 creatures vanquished.

Notes
Turn   | Place    | Note
-------+----------+-------------------------------------------
     0 | D:1      | Ijustatesigmund the Oni Conjurer began the quest for the
                  | Orb.
     0 | D:1      | Reached XP level 1. HP: 16/16 MP: 3/3
   328 | D:1      | Reached skill level 1 in Fighting
   376 | D:1      | Reached XP level 2. HP: 24/27 MP: 2/5
   398 | D:1      | Learned a level 2 spell: Searing Ray
   814 | D:1      | Reached XP level 3. HP: 35/35 MP: 5/7
  1029 | D:2      | Found a faded altar of an unknown god.
  1641 | D:2      | Reached XP level 4. HP: 44/44 MP: 5/9
  1880 | D:3      | Learned a level 4 spell: Iskenderun's Mystic Blast
  2116 | D:3      | Noticed a water moccasin
  2124 | D:3      | HP: 2/45 [water moccasin (7)]
  2129 | D:3      | Killed a water moccasin
  2130 | D:3      | Reached skill level 1 in Translocations
  2130 | D:3      | Reached XP level 5. HP: 27/54 MP: 0/11
  2502 | D:3      | Reached XP level 6. HP: 62/62 MP: 5/12
  2943 | D:4      | Noticed an orc warrior
  2979 | D:4      | Killed from afar by an orc priest

Illustrated notes

Levels and vault maps discovered:
D:1:      ncdulo_wetmaze, layout_rooms, minmay_tetromino_s2
D:2:      layout_rooms, nicolae_ecumenical_snake_handling
D:3:      layout_basic
D:4:      layout_cave_pools, serial_shops, shop

Skill      XL: |  1  2  3  4  5  6 |
---------------+-------------------+-----
Fighting       | 1 2 4 |  4.7
Spellcasting   | 3 4 |  4.7
Conjurations   | 4 |  4.1
Translocations | 1 2 |  2.4
Dodging        | |  1.7
Stealth        | |  1.4

Action                     |  1- 3 |  4- 6 || total
---------------------------+-------+-------++-------
  Melee: Unarmed           |    21 |       ||    21
         Short sword       |    18 |       ||    18
         Headbutt          |     6 |     5 ||    11
         Spear             |    24 |       ||    24
         Punch             |     1 |       ||     1
         Hand axe          |       |    32 ||    32
         Giant spiked club |       |     9 ||     9
   Cast: Magic Dart        |    64 |    62 ||   126
         Searing Ray       |       |     4 ||     4
    Use: Potion            |       |     6 ||     6
 Armour: Robe              |    60 |    56 ||   116
  Dodge: Dodged            |    33 |    31 ||    64
